 Dungeon Crawl Stone Soup version 0.29.1-15-g9cfb28693d (webtiles) character file.

Game seed: 13251960032167669916

45542 growler the Black Belt (level 14, -8/147 HPs)
             Began as a Merfolk Transmuter on Mar 28, 2023.
             Was the Champion of Wu Jian.
             Killed from afar by an ogre mage (39 damage)
             ... with a bolt of magma
             ... on level 2 of the Orcish Mines on Mar 31, 2023.
             The game lasted 01:24:53 (16375 turns).

growler the Black Belt (Merfolk Transmuter)        Turns: 16375, Time: 01:24:54

Health: -8/147     AC:  7    Str:  9    XL:     14   Next: 33%
Magic:  19/20      EV: 18    Int: 15    God:    Wu Jian [******]
Gold:   1965       SH:  0    Dex: 16    Spells: 11/21 levels left

rFire   x . .      SeeInvis .     - Unarmed
rCold   + + +      Faith    .   (shield currently unavailable)
rNeg    . . .      Spirit   .   (body armour currently unavailable)
rPois   +          Reflect  .   (helmet currently unavailable)
rElec   .          Harm     .   (cloak currently unavailable)
rCorr   .          Rampage  .   (gloves currently unavailable)
Will    +....                   (boots currently unavailable)
Stlth   +++.......              q - amulet of regeneration
HPRegen 1.14/turn               H - +4 ring of slaying
MPRegen 0.17/turn               M - +4 ring of evasion

@: ice-form, wereblooded
A: freezing attack, boosted hp, large, (nimble swimmer 2), (mertail), weak 1
a: End Transformation, Renounce Religion, Wall Jump, Serpent's Lash, Heavenly
Storm


You were on level 2 of the Orcish Mines.
You worshipped Wu Jian.
Wu Jian was exalted by your worship.
You were a creature of crystalline ice.
You visited 4 branches of the dungeon, and saw 19 of its levels.
You also visited: Sewer and Ossuary.

You collected 2505 gold pieces.
You spent 540 gold pieces at shops.

Inventory:

Missiles
 Q - a throwing net
Armour
 a - a +0 robe (melded)
 z - a +2 pair of gloves of dexterity (melded)
 R - a +0 helmet (melded)
Jewellery
 i - a ring of fire
 l - an amulet of the acrobat
 q - an amulet of regeneration (around neck)
 s - a ring of positive energy
 x - a ring of resist corrosion
 H - a +4 ring of slaying (left front paw)
 J - a ring of protection from cold
 K - a ring of flight
 M - a +4 ring of evasion (right front paw)
 S - a +6 ring of dexterity
 T - a ring of ice
 V - a ring of protection from fire
 Y - a ring of see invisible
Wands
 D - a wand of roots (15)
 G - a wand of digging (7)
 N - a wand of quicksilver (3)
 U - a wand of flame (14)
 X - a wand of mindburst (6)
Scrolls
 c - 3 scrolls of fog
 d - 2 scrolls of immolation
 e - 3 scrolls of vulnerability
 h - 4 scrolls of poison
 k - 6 scrolls of blinking
 n - 2 scrolls of enchant weapon
 p - a scroll of summoning
 u - 2 scrolls of magic mapping
 v - 2 scrolls of amnesia
 y - 2 scrolls of fear
 A - 12 scrolls of teleportation
 B - a scroll of enchant armour
 C - a scroll of torment
 E - 3 scrolls of noise
 F - 2 scrolls of silence
 Z - a scroll of identify
Potions
 b - 5 potions of lignification
 f - 8 potions of curing
 g - 3 potions of magic
 j - 3 potions of ambrosia
 m - 3 potions of haste
 o - 13 potions of heal wounds
 r - 3 potions of flight
 t - a potion of invisibility
 w - 5 potions of brilliance
 I - a potion of might
 L - 2 potions of berserk rage
 O - 3 potions of mutation
 W - a potion of attraction
Miscellaneous
 P - a condenser vane


   Skills:
 + Level 15.0 Fighting
 - Level 9.0 Dodging
 - Level 6.0 Stealth
 + Level 17.6 Unarmed Combat
 - Level 4.0 Spellcasting
 + Level 11.0 Transmutations
 - Level 4.0 Ice Magic


You had 11 spell levels left.
You knew the following spells:

 Your Spells              Type           Power      Damage    Failure   Level
a - Beastly Appendage     Tmut           72%        N/A       1%          1
b - Wereblood             Tmut           36%        N/A       1%          2
c - Spider Form           Tmut/Pois      19%        N/A       5%          3
d - Ice Form              Ice/Tmut       25%        N/A       9%          4

Your spell library contained the following spells:

 Spells                   Type           Power      Damage    Failure   Level
 Sting                    Tmut/Pois      76%        1d6       1%          1
 Freeze                   Ice            60%        1d8       3%          1
 Frozen Ramparts          Ice            30%        1d5       11%         3
 Foxfire                  Conj/Fire      12%        2x1d4     19%         1
 Magic Dart               Conj           12%        1d3       19%         1
 Blink                    Tloc           6%         N/A       26%         2
 Poisonous Vapours        Pois/Air       6%         N/A       26%         2
 Searing Ray              Conj           6%         2d4       26%         2
 Conjure Flame            Conj/Fire      3%         6-21      47%         3
 Inner Flame              Hex/Fire       3%         N/A       47%         3
 Hailstorm                Conj/Ice       9%         3d4       61%         4
 Corpse Rot               Necr/Pois/Air  3%         N/A       87%         4
 Dispel Undead            Necr           3%         3d7       87%         4
 Flame Wave               Conj/Fire      3%         2d5       87%         4
 Fulminant Prism          Conj/Hex       1%         3d6       87%         4
 Olgreb's Toxic Radiance  Pois           3%         N/A       87%         4
 Manifold Assault         Tloc           3%         N/A       99%         5
 Death Channel            Necr           1%         N/A       100%        6
 Storm Form               Tmut/Air       9%         N/A       100%        7


Dungeon Overview and Level Annotations

Branches:
Dungeon (11/15)            Temple (1/1) D:4            Lair (5/5) D:10
 Shoals (0/4) Lair:2       Spider (0/4) Lair:2        Slime (0/5) Lair:5
    Orc (2/2) D:11          Sewer (visited)         Ossuary (visited)
    Elf: Orc:2

Altars:
Cheibriados
Dithmenos
Elyvilon
Fedhas
Hepliaklqana
Kikubaaqudgha
Nemelex Xobeh
Qazlal
Trog
Uskayaw
Vehumet
Wu Jian
Xom
Yredelemnul
The Shining One
Jiyva

Shops:
D:9 [   D:10 =*   Orc:2 ?

Annotations:
D:6 2 transporters
D:7 3 runed translucent doors, domi's ghost, novice SpHu
D:10 4 runed translucent doors
Lair:1 1 runed translucent door, Huelish's ghost, journeyman DsEE
Lair:5 3 runed translucent doors, Kazon's ghost, journeyman BaFi


Innate Abilities, Weirdness & Mutations

You are a creature of crystalline ice.
You have a powerful freezing melee attack.
Your maximum health is increased.
Your armour is entirely melded.
You are incapable of wielding weapons or throwing items.
((You are very nimble when in or above water. (Stealth+, EV+, Speed+++)))
((Your lower body shifts to a powerful aquatic tail in water.))
You are weak. (Str -2)


Message History

* * * LOW HITPOINT WARNING * * *
You hear a shout!
An orc warrior comes into view. It is wielding a +0 trident.
Something hits you.
* * * LOW HITPOINT WARNING * * *
Found Umpaacu's Magic Scroll Emporium.
You howl as the wereblood boils in your veins!
You hear a shout!
You spin and attack the ogre.
You pummel the ogre!! You freeze the ogre!
You feel a bit better.
You kill the ogre!
The Council accepts your kill.
You howl as the wereblood boils in your veins!
The ogre mage casts a spell.
The ogre mage flickers and vanishes!
You punch the two-headed ogre! You freeze the two-headed ogre.
The two-headed ogre is moderately wounded.
The two-headed ogre hits you with a +0 giant club!
* * * LOW HITPOINT WARNING * * *
The two-headed ogre closely misses you.
Unknown command.
You howl as the wereblood boils in your veins!
The two-headed ogre attacks as you move away!
The two-headed ogre hits you with a +0 giant club!
* * * LOW HITPOINT WARNING * * *
The two-headed ogre misses you.
You feel less exhausted.
You spin and attack the two-headed ogre repeatedly.
You pummel the two-headed ogre!! You freeze the two-headed ogre!
The two-headed ogre is almost dead.
You pummel the two-headed ogre!! You freeze the two-headed ogre.
You feel a bit better.
You kill the two-headed ogre!
The Council accepts your kill.
Your Fighting skill increases to level 15!
Your Transmutations skill increases to level 11!
You hear some strange, mumbled words.
A bolt of magma appears from out of thin air!
The bolt of magma hits you!!! The lava burns you terribly!
You die...

#......##.###.......#
##.....#...#.#...)).#O
##....##........)))O.
#...####.#...#.)).OO
#....##...........#.
##...####....O.....##
#...### #..O.......##
##.#..####..........#
##.Y..##O.)O........
##...{...o.........
##.)#O............
..........#........
#...........#...#≈≈≈
#...##..........≈≈≈≈
##.. ###.#......≈~∩~
#.. ####.....≈≈. ##.
##....~


You could see an orc warrior and an ogre.

Vanquished Creatures
  A fire dragon (Lair:5)
  5 hydras
  15 two-headed ogres
  2 death yaks (Lair:5)
  A lindwurm (Lair:5)
  A manticore (D:11)
  6 black mambas
  A guardian serpent (D:11)
  3 molten gargoyles (Lair:5)
  A torpor snail (Lair:5)
  8 cane toads
  5 rime drakes
  An unseen horror (D:9)
  9 komodo dragons
  6 polar bears
  4 trolls
  4 blink frogs (Lair:5)
  A shadow (D:11)
  2 wraiths
  34 yaks
  2 wyverns
  A steam dragon (D:5)
  7 basilisks
  2 vampire mosquitoes (D:10)
  4 acid dragons
  4 hell hounds (Lair:5)
  A warg (D:8)
  7 water moccasins
  7 ice beasts
  8 orc warriors
  A sky beast (D:7)
  10 ogres
  5 boggarts (D:11)
  2 centaurs
  17 wolves
  A phantom (D:6)
  2 elf zombies (Ossuary)
  2 kobold brigands
  12 bullfrogs
  4 gnoll sergeants
  A necrophage (D:5)
  7 scorpions
  9 wights
  6 killer bees (D:11)
  12 electric eels
  12 howler monkeys
  2 human zombies (Ossuary)
  5 lava snakes (Lair:5)
  3 jellies
  A centaur zombie (Ossuary)
  11 orc priests
  5 gnoll boudas
  12 hounds
  3 iguanas
  20 orc wizards
  6 hell rats (Lair:1)
  2 mummies (Ossuary)
  14 adders
  22 gnolls
  2 river rats (D:4)
  A shadow imp (D:6)
  A white imp (D:6)
  2 ufetubi (D:4)
  2 adder zombies (Ossuary)
  4 worms
  2 dart slugs
  40 orcs
  6 bats
  12 endoplasms
  8 giant cockroaches
  7 goblins
  6 hobgoblins
  2 jackals (D:2)
  13 quokkas
  9 ball pythons
  19 frilled lizards
  A goblin zombie (Ossuary)
  8 hobgoblin zombies (Ossuary)
  A jackal zombie (Ossuary)
  11 kobolds
  12 kobold zombies (Ossuary)
  8 orc zombies (Ossuary)
  5 rats
544 creatures vanquished.

Vanquished Creatures (others)
  4 fungi (Lair:4)
  24 plants
28 creatures vanquished.

Grand Total: 572 creatures vanquished

Notes
Turn   | Place    | Note
-------+----------+-------------------------------------------
     0 | D:1      | growler the Merfolk Transmuter began the quest for the Orb.
     0 | D:1      | Reached XP level 1. HP: 15/15 MP: 3/3
   305 | D:1      | Reached XP level 2. HP: 21/21 MP: 3/5
   308 | D:1      | Learned a level 2 spell: Wereblood
  1030 | D:2      | Reached XP level 3. HP: 26/26 MP: 3/6
  1034 | D:2      | Learned a level 3 spell: Spider Form
  1063 | D:2      | Reached skill level 4 in Unarmed Combat
  1225 | D:2      | Reached XP level 4. HP: 11/32 MP: 8/8
  2486 | D:3      | Reached XP level 5. HP: 37/37 MP: 7/9
  2491 | D:3      | Learned a level 4 spell: Ice Form
  2909 | D:3      | Found a shadowy altar of Dithmenos.
  2910 | D:3      | Found a glowing golden altar of the Shining One.
  2999 | D:3      | Reached skill level 5 in Unarmed Combat
  3394 | D:4      | Reached skill level 6 in Unarmed Combat
  3441 | D:4      | Reached XP level 6. HP: 43/43 MP: 4/10
  3682 | D:4      | Found a staircase to the Ecumenical Temple.
  3701 | D:4      | Found a glowing drain.
  3717 | Temple   | Entered the Ecumenical Temple
  3730 | Temple   | Became a worshipper of the Wu Jian Council
  3781 | D:4      | Reached skill level 7 in Unarmed Combat
  3798 | Sewer    | Entered a sewer
  3919 | Sewer    | Reached * piety under Wu Jian
  4028 | Sewer    | Reached XP level 7. HP: 44/48 MP: 9/11
  4032 | Sewer    | Reached skill level 8 in Unarmed Combat
  4052 | Sewer    | Identified the +1 dagger of Certain Death {vorpal, Will+}
  4432 | D:4      | Reached ** piety under Wu Jian
  4433 | D:4      | Reached skill level 9 in Unarmed Combat
  4569 | D:5      | Entered Level 5 of the Dungeon
  4695 | D:5      | Reached XP level 8. HP: 8/54 MP: 9/12
  4905 | D:5      | Reached skill level 10 in Unarmed Combat
  4976 | D:5      | Reached skill level 1 in Ice Magic
  5296 | D:5      | Reached skill level 5 in Transmutations
  5593 | D:5      | Reached XP level 9. HP: 20/64 MP: 14/14
  5803 | D:6      | Found a sand-covered staircase.
  5813 | Ossuary  | Entered an ossuary
  5902 | Ossuary  | Reached *** piety under Wu Jian
  6093 | D:6      | Found a transporter.
  6102 | D:6      | Reached skill level 11 in Unarmed Combat
  6106 | D:6      | Reached skill level 5 in Fighting
  6219 | D:6      | Found a transporter.
  6234 | D:6      | Noticed a boulder beetle
  6235 | D:6      | Found a white marble altar of Elyvilon.
  6430 | D:6      | Reached skill level 1 in Stealth
  6442 | D:6      | Reached **** piety under Wu Jian
  6936 | D:7      | Reached XP level 10. HP: 71/76 MP: 10/16
  7105 | D:7      | Found a runed translucent gate.
  7106 | D:7      | Found a runed translucent gate.
  7107 | D:7      | Found a runed translucent gate.
  7116 | D:7      | Noticed domi's ghost (novice SpHu)
  7467 | D:8      | Reached skill level 5 in Dodging
  7481 | D:8      | Reached skill level 12 in Unarmed Combat
  7505 | D:8      | Reached ***** piety under Wu Jian
  7831 | D:8      | Reached skill level 5 in Stealth
  8357 | D:8      | Reached XP level 11. HP: 32/86 MP: 12/17
  8442 | D:8      | Noticed a two-headed ogre
  8453 | D:8      | Killed a two-headed ogre
  8460 | D:8      | Noticed a two-headed ogre
  8469 | D:8      | Killed a two-headed ogre
  8696 | D:9      | Reached skill level 13 in Unarmed Combat
  8743 | D:9      | You fall into a shaft and drop 1 floor!
  8743 | D:10     | Entered Level 10 of the Dungeon
  8768 | D:10     | Gained mutation: You are weak. (Str -2) [mutagenic glow]
  8910 | D:10     | Found a staircase to the Lair.
  8965 | D:10     | Noticed a two-headed ogre
  8967 | D:10     | Found Syxoinn's General Store.
  8972 | D:10     | Killed a two-headed ogre
  9123 | D:10     | Found Amuuc's Jewellery Boutique.
  9153 | D:10     | Bought a +4 ring of evasion for 540 gold pieces
  9278 | D:10     | Found a runed translucent door.
  9289 | D:10     | Found a runed translucent door.
  9314 | D:10     | Found a runed translucent door.
  9333 | D:10     | Found a runed translucent door.
  9717 | D:9      | Noticed a two-headed ogre
  9799 | D:9      | Killed a two-headed ogre
  9799 | D:9      | Reached skill level 10 in Fighting
  9907 | D:9      | Reached skill level 14 in Unarmed Combat
  9907 | D:9      | Reached XP level 12. HP: 97/97 MP: 12/18
 10494 | D:9      | Found Fuawk's Armour Boutique.
 10643 | D:11     | Identified 2 scrolls of acquirement
 10643 | D:11     | Acquired 418 gold pieces
 10645 | D:11     | Acquired 666 gold pieces
 10821 | D:11     | Noticed a six-headed hydra
 10826 | D:11     | Killed a six-headed hydra
 11113 | D:11     | Noticed a two-headed ogre
 11202 | D:11     | Found a staircase to the Orcish Mines.
 11260 | Lair:1   | Entered Level 1 of the Lair of Beasts
 11322 | Lair:1   | Noticed Huelish's ghost (journeyman DsEE)
 11325 | Lair:1   | Found a runed translucent door.
 11353 | Lair:1   | Noticed a five-headed hydra
 11357 | Lair:1   | Killed a five-headed hydra
 12123 | Lair:2   | Found a staircase to the Shoals.
 12324 | Lair:2   | Reached skill level 15 in Unarmed Combat
 12416 | Lair:2   | Reached ****** piety under Wu Jian
 12810 | Lair:2   | Found a hole to the Spider Nest.
 13198 | Lair:3   | Reached XP level 13. HP: 108/108 MP: 14/19
 13796 | Lair:4   | Reached skill level 10 in Transmutations
 14354 | Lair:4   | Reached skill level 16 in Unarmed Combat
 14676 | Lair:5   | Entered Level 5 of the Lair of Beasts
 14718 | Lair:5   | Found a staircase to the Slime Pits.
 14719 | Lair:5   | Found a viscous altar of Jiyva.
 14750 | Lair:5   | Found a runed translucent gate.
 14751 | Lair:5   | Found a runed translucent gate.
 14753 | Lair:5   | Found a runed translucent gate.
 14754 | Lair:5   | Noticed a minotaur
 14763 | Lair:5   | Noticed Kazon's ghost (journeyman BaFi)
 15196 | Lair:5   | Identified the +1 leather armour of Gozag's Hope {rC- rN+++
                  | Int+2 Slay+2}
 15460 | Lair:5   | Found a large runed translucent door.
 15461 | Lair:5   | Found a large runed translucent door.
 15468 | Lair:5   | Reached skill level 17 in Unarmed Combat
 15483 | Lair:5   | Noticed a fire dragon
 15520 | Lair:5   | Killed a fire dragon
 15521 | Lair:5   | Reached XP level 14. HP: 121/121 MP: 17/20
 16130 | Orc:1    | Entered Level 1 of the Orcish Mines
 16159 | Orc:2    | Entered Level 2 of the Orcish Mines
 16365 | Orc:2    | Found Umpaacu's Magic Scroll Emporium.
 16375 | Orc:2    | Reached skill level 15 in Fighting
 16375 | Orc:2    | Killed from afar by an ogre mage

Illustrated notes

Levels and vault maps discovered:
D:1:      lemuel_arrival_cross, layout_rooms
D:2:      layout_basic
D:3:      layout_loops_ring, mainiacjoe_overflow_divided_tiny,
          serial_co_window_serial, co_window_of_opportunity_a,
          co_window_of_opportunity_a, co_window_paths_a, co_window_paths_a,
          co_window_corner_a, co_window_of_opportunity_b, co_window_cross_2,
          co_window_corner_b, co_window_paths_e, glass_columns_b,
          glass_columns_a
D:4:      layout_loops_ring, minmay_temple_entry_glassed_door,
          portal_sewer_entry_a, hangedman_decor_opposing, due_unseen_surprise
D:5:      layout_cave_pools, supply_closet_lemuel
D:6:      layout_cave_pools, gammafunk_temple_overflow_arena, serial_park,
          serial_park_square3 [serial_park_minivault_5x5_1], serial_park_square1
          [serial_park_minivault_5x5_1], serial_park_square1
          [serial_park_minivault_5x5_1], serial_park_tiny_2, serial_park_tiny_1,
          nicolae_ossuary_entry_monument, chequers_big_river
D:7:      layout_cave_pools, gammafunk_ghost_necromancy
D:8:      lemuel_castle_with_subvaults [lemuel_castle_interior_carwin_3],
          layout_loops_ring, minmay_starry_boxes
D:9:      layout_irregular_city, enter_bailey_4, serial_shops,
          nicolae_shop_waterfront
D:10:     layout_basic, erik_lair_island, serial_shops,
          nicolae_shop_hallway_plus, nicolae_stop_n_shop_1,
          minmay_statue_crystal_thing
D:11:     layout_rooms, orc_0_dummy, nrook_guardian_serpent_ordinary
Temple:   compressed_dpeg_triangle_lava_temple
Lair:1:   layout_long_grid, hellmonk_ghost_happy_afterlife, serial_bayou_shore_a
Lair:2:   layout_cave_pods, elwin_shoals_entry_rocks,
          spider_nest_entry_funnel_web
Lair:3:   layout_regular_city, lemuel_old_faithful
Lair:4:   layout_regular_city
Lair:5:   cheibrodos_lair_end_hotspot, layout_misc_corridors, slime_entry_1,
          maelrawn_ghost_gauntlet_escape, serial_bayou_shore_b
Orc:1:    layout_diamond_mine, gammafunk_ghost_wrathful_warriors,
          nicolae_volcano_entry_vermiform, abandoned_shop, nicolae_orc_lava_room
Orc:2:    st_orc_ogre_mass, layout_caves, serial_shops, nicolae_shop_waterfront,
          gammafunk_ghost_berserking_beasts, mines_bat_river

Skill      XL: |  1  2  3  4  5  6  7  8  9 10 11 12 13 14 |
---------------+-------------------------------------------+-----
Transmutations | 3 4 5 6 9 10 11 | 11.0
Unarmed Combat | 4 6 7 9 10 11 12 14 15 17 | 17.6
Spellcasting   | 3 4 |  4.0
Ice Magic      | 2 4 |  4.0
Fighting       | 3 6 7 10 12 14 15 | 15.0
Dodging        | 3 6 9 |  9.0
Stealth        | 1 5 6 |  6.0

Action                   |  1- 3 |  4- 6 |  7- 9 | 10-12 | 13-15 || total
-------------------------+-------+-------+-------+-------+-------++-------
Melee: Unarmed           |    94 |   269 |   351 |   549 |   275 ||  1538
       Headbutt          |     9 |    28 |    17 |       |       ||    54
       Punch             |     3 |     8 |     4 |     1 |       ||    16
       Tailslap          |       |     5 |     1 |       |       ||     6
 Cast: Beastly Appendage |    18 |    42 |    14 |     2 |       ||    76
       Wereblood         |       |     7 |    10 |     8 |     4 ||    29
       Spider Form       |       |     3 |    13 |       |       ||    16
       Ice Form          |       |       |    13 |    48 |    22 ||    83
Invok: Lunge             |       |     4 |    32 |    62 |    25 ||   123
       Whirlwind         |       |     2 |   111 |   176 |    58 ||   347
       Serpent's Lash    |       |       |     1 |     7 |     4 ||    12
  Use: Scroll            |       |     8 |     6 |    12 |     5 ||    31
       Potion            |       |       |     2 |     2 |     1 ||     5
 Stab: Sleeping          |     1 |     4 |     1 |    11 |     2 ||    19
       Distracted        |       |       |       |     1 |     1 ||     2
Armor: Robe              |    27 |    39 |    20 |     4 |       ||    90
       Skin              |       |       |    34 |    70 |    22 ||   126
Dodge: Dodged            |    78 |   153 |   177 |   232 |   139 ||   779
